AoeStats
← 只会打步弓

Four Lakes

507928190Analyzed
1v1 RM · 12d ago on Sep 20, 2026· 28m 54s· 2 players
Game mode
Random Map
Map size
Tiny (2 player)
Population
200
Speed
Normal
Resources
Standard
Victory
Conquest
Starting age
Dark Age
Ending age
Imperial Age
RankedLock teamsTeams togetherTeam positionsShared explorationLock speedFull tech treeHidden civsTurbo modeCheats
Victory
Defeat
🇦🇺 Malay · Australia
1765
+22
🇨🇳 Japanese · China
1895
-22
NOCHAT_OzzieAmigo
1:36 Loom
7:46 Loom
9:41 Feudal Age
9:42 Double-Bit Axe
11:31 Horse Collar
14:05 Fishing Lines
14:43 Gold Mining
17:21 Castle Age
16:12 Scale Barding Armor
17:03 Husbandry
只会打步弓
11:24 Feudal Age
11:15 Loom
15:33 Castle Age
13:34 Double-Bit Axe
14:11 Fletching
15:12 Horse Collar
16:17 Bloodlines
16:09 Bodkin Arrow
16:55 Padded Archer Armor
Connection lost

Rejoining the realm…

Still unreachable

The connection could not be restored.

Session expired

The server has moved on; the page needs a fresh start.